 Dungeon Crawl Stone Soup version 0.32-a0-913-g739538afd8 (webtiles) character file.

Game seed: 12394588950071454024

11951 makewrite the Cleaver (level 11, -4/98 (99) HPs)
             Began as a Minotaur Monk on Apr 8, 2024.
             Was an Initiate of Gozag.
             Slain by a +1 quarterstaff of chaos (16 damage)
             ... on level 11 of the Dungeon.
             The game lasted 00:28:12 (10635 turns).

makewrite the Cleaver (Minotaur Monk)              Turns: 10635, Time: 00:28:12

HP:   -4/98 (99)    AC: 14    Str: 19    XL:     11   Next: 56%
MP:   10/10         EV:  9    Int:  7    God:    Gozag
Gold: 1719          SH:  0    Dex: 14    Spells: 10/10 levels left

rFire   . . .        a - +3 war axe
rCold   . . .        (no shield)
rNeg    + . .        l - +1 chain mail
rPois   .            (helmet restricted)
rElec   .            (no cloak)
rCorr   +            (no gloves)
SInv    .            g - +2 pair of boots
Will    .....        v - amulet of regeneration Stlth
                     k - ring of resist corrosion
HPRegen 1.16/turn    z - ring of positive energy
MPRegen 0.12/turn

%: no passive effects
@: lethally poisoned (-4 -> -7), about to teleport, corroded, slowed, lightly
drained, very slow
A: horns 2, retaliatory headbutt
a: Renounce Religion, Potion Petition, Call Merchant, Bribe Branch


You were on level 11 of the Dungeon.
You worshipped Gozag.
Gozag was most pleased with you.
You visited 2 branches of the dungeon, and saw 12 of its levels.

You collected 1719 gold pieces.

Inventory:

Hand Weapons
 a - a +3 war axe (weapon)
 b - a +0 orcbow
 w - a +2 trident of freezing
Missiles
 t - 2 throwing nets (quivered)
Armour
 g - a +2 pair of boots (worn)
 l - a +1 chain mail (worn)
Jewellery
 k - a ring of resist corrosion (left hand)
 q - a ring of ice
 v - an amulet of regeneration (around neck)
 y - a ring of fire
 z - a ring of positive energy (right hand)
Wands
 r - a wand of polymorph (2)
 s - a wand of flame (26)
 B - a wand of charming (3)
Scrolls
 d - a scroll of identify
 i - a scroll of enchant armour
 j - 5 scrolls of teleportation
 n - a scroll of immolation {unknown}
 u - 2 scrolls of fear {unknown}
 A - a scroll of revelation {unknown}
 C - a scroll of enchant weapon
 D - a scroll of brand weapon {unknown}
 E - a scroll of silence
 F - a scroll of butterflies {unknown}
Potions
 c - 2 potions of ambrosia
 e - 2 potions of curing
 f - a potion of brilliance {unknown}
 h - 3 potions of heal wounds
 m - a potion of mutation
 o - a potion of haste
 p - a potion of lignification
 x - a potion of enlightenment {unknown}


   Skills:
 + Level 9.7 Fighting
 + Level 13.6 Axes
 + Level 9.6 Ranged Weapons
 + Level 10.2 Armour
 + Level 5.5 Dodging


You had 10 spell levels left.
You didn't know any spells.
Your spell library contained the following spells:

 Spells                   Type           Power      Damage    Failure   Level
 Foxfire                  Conj/Fire      0%         2x1d4     95%         1
 Magic Dart               Conj           0%         1d3       95%         1
 Blink                    Tloc           0%         N/A       99%         2
 Call Imp                 Summ           0%         N/A       99%         2
 Searing Ray              Conj           0%         2d4       99%         2
 Passwall                 Erth           0%         N/A       100%        3
 Summon Ice Beast         Ice/Summ       0%         N/A       100%        3
 Volatile Blastmotes      Fire/Tloc      0%         2d10      100%        3
 Animate Armour           Summ/Erth      0%         N/A       100%        4
 Fulminant Prism          Conj/Alch      0%         3d5       100%        4
 Summon Lightning Spire   Summ/Air       0%         N/A       100%        4
 Vhi's Electric Charge    Tloc/Air       0%         N/A       100%        4
 Arcjolt                  Conj/Air       0%         1d10      100%        5
 Iskenderun's Battlesphe  Conj           0%         2d6       100%        5
 Lee's Rapid Deconstruct  Erth           0%         3d4*      100%        5
 Summon Forest            Summ/Tloc      0%         N/A       100%        5
 Summon Mana Viper        Hex/Summ       0%         N/A       100%        5
 Bombard                  Conj/Erth      0%         9d1       100%        6
 Eringya's Noxious Bog    Alch           0%         4d6       100%        6
 Sculpt Simulacrum        Ice/Alch       0%         N/A       100%        6
 Monstrous Menagerie      Summ           0%         N/A       100%        7
 Ozocubu's Refrigeration  Ice            0%         4d7       100%        7
 Summon Hydra             Summ           0%         N/A       100%        7
 Summon Horrible Things   Summ           0%         N/A       100%        8
 Polar Vortex             Ice            0%         N/A       100%        9


Dungeon Overview and Level Annotations

Branches:
Dungeon (11/15)            Temple (1/1) D:4            Lair (0/5) D:9
    Orc (0/2) D:10

Altars:
Ashenzari
Cheibriados
Dithmenos
Elyvilon
Fedhas
Gozag
Hepliaklqana
Kikubaaqudgha
Makhleb
Nemelex Xobeh
Okawaru
Qazlal
Ru
Sif Muna
Trog
Uskayaw
Vehumet
Wu Jian
Xom
Yredelemnul
Zin
The Shining One

Annotations:
D:11 Ananasrisotto's ghost, journeyman OnBr


Innate Abilities, Weirdness & Mutations

You have a pair of horns on your head.
You reflexively headbutt those who attack you in melee.


Message History

You see here a +0 sling.
Ananasrisotto's ghost turns its malevolent gaze towards you.
You open the door. The +1 quarterstaff of chaos hits you!
The acid corrodes you!
You barely miss the +1 quarterstaff of chaos.
Your headbutt misses the +1 quarterstaff of chaos.
The +1 quarterstaff of chaos hits you! The +1 quarterstaff of chaos burns you!
You closely miss the +1 quarterstaff of chaos.
Your headbutt misses the +1 quarterstaff of chaos.
The +1 quarterstaff of chaos hits you! The +1 quarterstaff of chaos burns you.
The +1 quarterstaff of chaos closely misses you.
You miss the +1 quarterstaff of chaos.
The +1 quarterstaff of chaos hits you but does no damage.
You partially resist.
You hit the +1 quarterstaff of chaos.
The +1 quarterstaff of chaos is lightly damaged.
The +1 quarterstaff of chaos hits you!
The +1 quarterstaff of chaos draws strength from your wounds!
You slash the +1 quarterstaff of chaos!
The +1 quarterstaff of chaos is moderately damaged.
The +1 quarterstaff of chaos hits you!
You feel yourself slow down.
The +1 quarterstaff of chaos hits you but does no damage.
Unknown command.
The +1 quarterstaff of chaos hits you but does no damage.
As you read the scroll of teleportation, it crumbles to dust.
You feel strangely unstable.
The +1 quarterstaff of chaos hits you but does no damage.
The +1 quarterstaff of chaos hits you!
* * * LOW HITPOINT WARNING * * *
You partially resist.
You feel drained.
* * * LOW HITPOINT WARNING * * *
The +1 quarterstaff of chaos hits you!
* * * LOW HITPOINT WARNING * * *
You are poisoned.
Ananasrisotto's ghost hits you.
* * * LOW HITPOINT WARNING * * *
You feel very sick. The +1 quarterstaff of chaos hits you!
You die...
Your body crumbles into a pile of gold.

#.##.# ##.........#####
#.##.# ####.#...##
####### #.##.## #.###.#
#...... #.##..# #.# #.#
#>##### ##.###.# #.#
#.# #.# #...##.#####
#.###.# #.#
#..........####.#..###
#.#
#...##.###.........#.##
#.#
................@(.'_.#
#.# #
.......##########.W#?##
#.# # .......# #..###
#.# # #...##.# #### #.#
# ....##.# #.# #
#...##.# #.#####
######.# #...... #
#.###### ####.## #
#......# #.##


You could see a +1 quarterstaff of chaos and Ananasrisotto's ghost.

Vanquished Creatures
  A two-headed ogre (D:11)
  A boulder beetle (D:11)
  The ghost of P0WERM0DE the Fighter, a novice CoCK of Xom (D:9)
  Pikel (D:8)
  An unseen horror (D:7)
  2 kobold demonologists (D:11)
  Sigmund (D:3)
  A shadow (D:11)
  16 yaks
  2 wraiths
  3 wyverns
  A ynoxinul (D:9)
  A steam dragon (D:7)
  A water moccasin (D:8)
  A swamp drake (D:8)
  3 orc warriors
  An ice beast (D:4)
  4 sky beasts
  A boggart (D:8)
  5 centaurs
  3 wolves (D:9)
  A lemure (D:8)
  A phantom (D:5)
  6 bullfrogs
  4 kobold brigands
  A gnoll sergeant (D:8)
  3 scorpions
  9 wights
  14 killer bees
  7 howler monkeys
  4 hounds
  3 jellies
  2 bombardier beetles
  13 orc priests
  3 iguanas (D:5)
  Jessica (D:3)
  Ijyb (D:2)
  Terence (D:2)
  A sleepcap (D:6)
  10 orc wizards
  11 adders
  6 gnolls
  A white imp (D:7)
  2 ufetubi (D:6)
  2 ribbon worms (D:2)
  3 dart slugs
  28 orcs
  6 bats
  10 endoplasms
  3 giant cockroaches
  7 goblins
  2 hobgoblins (D:1)
  6 jackals
  7 kobolds
  3 quokkas
  9 ball pythons
  4 frilled lizards
  4 rats
250 creatures vanquished.

Notes
Turn   | Place    | Note
-------+----------+-------------------------------------------
     0 | D:1      | makewrite the Minotaur Monk began the quest for the Orb.
     0 | D:1      | Reached XP level 1. HP: 19/19 MP: 0/0
    92 | D:1      | Reached XP level 2. HP: 26/27 MP: 1/1
   127 | D:1      | Found a faded altar of an unknown god.
   130 | D:1      | Reached skill level 4 in Axes
   421 | D:1      | Reached XP level 3. HP: 29/33 MP: 2/2
   641 | D:2      | Reached skill level 1 in Ranged Weapons
  1014 | D:2      | Noticed Terence
  1019 | D:2      | Killed Terence
  1020 | D:2      | Reached XP level 4. HP: 33/40 MP: 3/3
  1125 | D:2      | Reached skill level 1 in Armour
  1523 | D:3      | Noticed Jessica
  1528 | D:3      | Killed Jessica
  1741 | D:3      | Noticed Sigmund
  1743 | D:3      | Noticed Ijyb
  1856 | D:2      | Killed Ijyb
  1857 | D:2      | Reached skill level 5 in Axes
  1857 | D:2      | Reached XP level 5. HP: 47/47 MP: 4/4
  1987 | D:3      | Killed Sigmund
  1988 | D:3      | Reached XP level 6. HP: 17/55 MP: 5/5
  2731 | D:4      | Found a staircase to the Ecumenical Temple.
  2769 | D:4      | Found an ancient bone altar of Kikubaaqudgha.
  3113 | D:4      | Noticed an ice beast
  3124 | D:4      | Killed an ice beast
  3125 | D:4      | Reached skill level 5 in Fighting
  3125 | D:4      | Reached skill level 6 in Axes
  3185 | D:4      | Reached XP level 7. HP: 61/61 MP: 6/6
  3612 | D:5      | Entered Level 5 of the Dungeon
  3915 | D:5      | Found a sparkling altar of Nemelex Xobeh.
  4018 | D:5      | Reached skill level 7 in Axes
  4112 | D:5      | Reached skill level 5 in Armour
  4300 | D:6      | Reached XP level 8. HP: 69/69 MP: 7/7
  4396 | D:6      | Found a shadowy altar of Dithmenos.
  4483 | D:6      | Reached skill level 8 in Axes
  4755 | D:6      | Reached skill level 5 in Ranged Weapons
  4774 | D:6      | Reached skill level 9 in Axes
  4849 | D:6      | Found an ornate altar of the Wu Jian Council.
  5347 | Temple   | Entered the Ecumenical Temple
  5361 | Temple   | Became a worshipper of Gozag Ym Sagoz the Greedy
  5939 | D:7      | Found a snail-covered altar of Cheibriados.
  5973 | D:7      | Reached XP level 9. HP: 38/77 MP: 8/8
  6336 | D:7      | Found a hazy altar of Hepliaklqana.
  6336 | D:7      | Found a radiant altar of Vehumet.
  6340 | D:7      | Found a shimmering altar of Xom.
  6697 | D:7      | Got the Essays on Concerted Wounds
  6706 | D:7      | Noticed an unseen horror
  6713 | D:7      | Killed an unseen horror
  6714 | D:7      | Reached skill level 10 in Axes
  7139 | D:8      | Found a hide-covered altar of Uskayaw.
  7140 | D:8      | Noticed Pikel
  7161 | D:8      | Killed Pikel
  7188 | D:8      | Reached skill level 11 in Axes
  7208 | D:8      | Reached XP level 10. HP: 53/88 MP: 9/9
  7234 | D:8      | Reached skill level 5 in Dodging
  7423 | D:8      | Found a sacrificial altar of Ru.
  7953 | D:9      | Noticed P0WERM0DE's ghost (novice CoCK)
  7966 | D:9      | Found a staircase to the Lair.
  8004 | D:9      | Reached skill level 12 in Axes
  8050 | D:9      | Found a runed translucent door.
  8090 | D:9      | Found a stormy altar of Qazlal.
  8816 | D:9      | Killed P0WERM0DE's ghost
  8817 | D:9      | Reached skill level 13 in Axes
  8904 | D:10     | Entered Level 10 of the Dungeon
  9035 | D:10     | Reached XP level 11. HP: 95/95 MP: 10/10
  9192 | D:10     | Found a white marble altar of Elyvilon.
  9304 | D:10     | Found a staircase to the Orcish Mines.
  9366 | D:10     | Found a blossoming altar of Fedhas.
  9801 | D:11     | Noticed a two-headed ogre
  9814 | D:11     | Killed a two-headed ogre
  9815 | D:11     | Noticed a boulder beetle
  9877 | D:11     | Killed a boulder beetle
  9968 | D:11     | Noticed a soul eater
  9973 | D:11     | Noticed a soul eater
 10214 | D:11     | Reached skill level 10 in Armour
 10310 | D:11     | Found a runed translucent door.
 10310 | D:11     | Found a shimmering altar of Xom.
 10310 | D:11     | Noticed Ananasrisotto's ghost (journeyman OnBr)
 10310 | D:11     | Noticed a +1 quarterstaff of chaos
 10635 | D:11     | Slain by a +1 quarterstaff of chaos

Illustrated notes

Levels and vault maps discovered:
D:1:      minmay_arrival_wavy_path, layout_rooms, basic_ecumenical_altar
D:2:      layout_basic, uniq_terence
D:3:      layout_basic, uniq_jessica, uniq_ijyb, uniq_sigmund
D:4:      layout_loops_cross, mainiacjoe_overflow_alcove_2,
          minmay_temple_entry_mist, minmay_pentomino_pile
D:5:      layout_gridville, mainiacjoe_overflow_six_doors_small
D:6:      layout_basic, lemuel_tele_altar, general_overflow_altar,
          minmay_between
D:7:      layout_cave_pools, kennysheep_slug_shrine,
          nicolae_overflow_hidden_temple, minmay_statues_item
D:8:      layout_basic, mainiacjoe_overflow_tiny_flanked,
          nicolae_ru_path_of_blood, minmay_alternating_orb, uniq_pikel
D:9:      layout_irregular_city, mainiacjoe_overflow_concentric_impassable,
          erik_lair_orcish_takeover, hellmonk_ghost_big_iron,
          serial_bayou_pond_c
D:10:     layout_roguey, nicolae_overflow_crystal_walls,
          mainiacjoe_overflow_24_doors,
          serial_library_regret_index_branch_corner
D:11:     layout_loops_ring, ebering_ghost_xom
Temple:   hellmonk_temple_rainy

Skill      XL: |  1  2  3  4  5  6  7  8  9 10 11 |
---------------+----------------------------------+-----
Axes           | 4 5 6 7 9 11 13 | 13.6
Fighting       | 4 5 6 7 8 9 |  9.7
Ranged Weapons | 1 2 3 4 5 6 8 9 |  9.6
Armour         | 1 2 3 5 6 7 9 10 | 10.2
Dodging        | 4 5 |  5.5

Action                     |  1- 3 |  4- 6 |  7- 9 | 10-12 || total
---------------------------+-------+-------+-------+-------++-------
  Melee: Hand axe          |    75 |    89 |       |       ||   164
         Headbutt          |     6 |    24 |    51 |    46 ||   127
         War axe           |       |    12 |   228 |   267 ||   507
   Fire: Orcbow            |       |       |       |   129 ||   129
  Evoke: Wand              |       |       |    22 |     5 ||    27
    Use: Scroll            |       |     2 |     9 |     3 ||    14
         Potion            |       |       |     7 |     3 ||    10
   Stab: Distracted        |       |       |       |     2 ||     2
         Invisible         |       |       |       |     2 ||     2
 Armour: Leather armour    |    31 |       |       |       ||    31
         Ring mail         |    20 |       |       |       ||    20
         Chain mail        |       |    78 |   236 |   269 ||   583
  Dodge: Dodged            |    42 |    37 |   110 |   143 ||   332

Table legend: (Time is in decaauts)
 A = Elapsed time spent in this place.
 B = Non-inter-level travel time spent in this place.
 C = Inter-level travel time spent in this place.
 D = Time resting spent in this place.
 E = Time spent auto-exploring this place.
 F = Levels seen in this place.
 G = Mean time per level.
                   A        B        C        D        E       F      G
               +--------+--------+--------+--------+--------+-----+--------+
         Total |  10624 |   9972 |    652 |   1600 |   5997 |  12 |  885.3 |
       Dungeon |  10596 |   9945 |    651 |   1600 |   5997 |  11 |  963.3 |
        Temple |     28 |     28 |      0 |      0 |      0 |   1 |   28.0 |
               +--------+--------+--------+--------+--------+-----+--------+

Top non-repeatable levels by time:
     D:6: 1720 daAuts
     D:3: 1128 daAuts
     D:2: 1107 daAuts
     D:9: 960 daAuts
     D:7: 946 daAuts
     D:4: 936 daAuts
    D:11: 890 daAuts
     D:8: 858 daAuts
    D:10: 845 daAuts
     D:5: 644 daAuts
     D:1: 556 daAuts
  Temple: 28 daAuts
